 Dungeon Crawl Stone Soup version 0.29.1-12-g30fa7ad0bf (webtiles) character file.

Game seed: 3705013385051429304

5068 wormed the Basher (level 10, -8/79 HPs)
             Began as a Demonspawn Fighter on Dec 21, 2022.
             Was a High Priest of Okawaru.
             Mangled by a ghost moth (11 damage)
             ... on level 8 of the Dungeon.
             The game lasted 00:20:20 (10203 turns).

wormed the Basher (Demonspawn Fighter)             Turns: 10203, Time: 00:20:21

Health: -8/79      AC: 14    Str: 21    XL:     10   Next: 31%
Magic:  12/12      EV:  9    Int: 10    God:    Okawaru [*****.]
Gold:   529        SH: 13    Dex: 12    Spells: 9/9 levels left

rFire   . . .      SeeInvis .   f - +0 flail (venom)
rCold   + . .      Faith    .   D - +0 kite shield
rNeg    . . .      Spirit   .   e - +1 ring mail {rC+}
rPois   +          Reflect  .   (helmet restricted)
rElec   .          Harm     .   (no cloak)
rCorr   .          Rampage  .   (no gloves)
Will    .....                   (no boots)
Stlth   +.........              (no amulet)
HPRegen 0.23/turn               v - +4 ring of protection
MPRegen 0.13/turn               w - ring of poison resistance

@: studying Throwing
A: horns 2, molten scales 2, powered by death 1, condensation shield
a: Renounce Religion, Heroism, Finesse, Duel


You were on level 8 of the Dungeon.
You worshipped Okawaru.
Okawaru was extremely pleased with you.
You visited 2 branches of the dungeon, and saw 9 of its levels.

You collected 529 gold pieces.

Inventory:

Hand Weapons
 a - a +0 flail
 f - a +0 flail of venom (weapon)
 r - the +9 staff of Wucad Mu {*channel}
   (You found it on level 7 of the Dungeon)

   It occasionally powers its wielder's spells, but with a chance of causing
   confusion or draining the wielder's intelligence.
   It becomes more likely to activate and less likely to backfire with increased
   Evocations skill.
Missiles
 j - a throwing net (quivered)
Armour
 c - a +0 buckler
 e - a +1 ring mail of cold resistance (worn)
 D - a +0 kite shield (worn)
Jewellery
 v - a +4 ring of protection (left hand)
 w - a ring of poison resistance (right hand)
 B - a ring of wizardry
 E - a ring of protection from cold
Wands
 t - a wand of polymorph (12)
Scrolls
 b - 2 scrolls of poison
 h - 3 scrolls of enchant armour
 i - 2 scrolls of amnesia {unknown}
 k - a scroll of silence {unknown}
 o - a scroll of butterflies {unknown}
 s - 2 scrolls of immolation {unknown}
 x - a scroll of fear {unknown}
 A - a scroll of magic mapping {unknown}
 C - a scroll of teleportation {unknown}
Potions
 d - 2 potions of might
 g - 2 potions of brilliance
 l - a potion of ambrosia
 m - a potion of magic
 n - a potion of flight
 p - 3 potions of degeneration
 q - a potion of mutation
 u - a potion of lignification


   Skills:
 + Level 7.4 Fighting
 * Level 9.0 Maces & Flails
 + Level 6.7 Armour
 + Level 6.7 Shields
 + Level 3.1 Invocations


You had 9 spell levels left.
You didn't know any spells.
Your spell library contained the following spells:

 Spells                   Type           Power      Damage    Failure   Level
 Beastly Appendage        Tmut           0%         N/A       83%         1
 Magic Dart               Conj           0%         1d3       83%         1
 Wereblood                Tmut           0%         N/A       93%         2
 Mephitic Cloud           Conj/Pois/Air  0%         N/A       99%         3
 Spider Form              Tmut/Pois      0%         N/A       99%         3
 Call Imp                 Summ           Unusable   N/A       N/A         2

Dungeon Overview and Level Annotations

Branches:
Dungeon (8/15)             Temple (1/1) D:4
   Lair: D:8-11

Altars:
Dithmenos
Fedhas
Gozag
Kikubaaqudgha
Okawaru
Qazlal
Sif Muna
Wu Jian
Xom
Yredelemnul

Shops:
D:3 :   D:5 (   D:6 *

Annotations:
D:7 2 runed translucent doors


Innate Abilities, Weirdness & Mutations

You have a pair of horns on your head.
You are mostly covered in molten scales. (AC +3)
You regenerate a little health from kills.
A meltable shield of frost defends you. (SH +4)


Message History

Something hits you!
* * * LOW HITPOINT WARNING * * *
You feel better. Something hits you.
* * * LOW HITPOINT WARNING * * *
Something hits you!
* * * LOW HITPOINT WARNING * * *
Something hits you but does no damage. x2
Something hits you.
* * * LOW HITPOINT WARNING * * *
Something hits you.
* * * LOW HITPOINT WARNING * * *
Okawaru accepts your kill.
Reactivating autopickup.
You feel a bit more experienced.
Your Maces & Flails skill increases to level 9!
Your Invocations skill increases to level 3!
There is a stone staircase leading down, spattered with blood here.
You climb downwards.
There is a stone staircase leading up here.
Things that are here:
a +0 robe; a +1 dagger of venom; the elf corpse of Dowan
Aiming: Polymorph
Press: ? - help, Shift-Dir - straight line, f - boulder beetle
Aim: a boulder beetle (lightly wounded, will become a broodmother, an ice dragon, or a radroach, chance to affect: 31%)
The boulder beetle evaporates and reforms as an ice dragon!
You block the ice dragon's attack.
The ice dragon claws you but does no damage.
You block the ice dragon's attack.
Press: ? - help, v - describe, . - travel
Here: an ice dragon The floor.
Unknown command.
Aiming: Polymorph
Press: ? - help, Shift-Dir - straight line, f/p - ice dragon
Aim: an ice dragon (will become a ghost moth, a spark wasp, or a death drake, chance to affect: 31%)
The ice dragon evaporates and reforms as something you cannot see!
Something hits you but does no damage.
Deactivating autopickup; reactivate with Ctrl-A.
You block something's attack. Something stings you!
You die...

##### ######...####
####............
##....#####.##### #..#### #S#.#≈#
# ###.## ###≈#.#≈### ##...#
#≈≈≈#.#≈≈≈# #..@########≈#.#####
## #.#..##....#≈#...... .###
########.##.##.####≈#######
...####......#.##.##.##≈≈≈≈≈≈≈≈≈#
......................###########
##.##........#.##.###.# #≈≈≈≈≈# #
.†.####......#.##.....# #≈###≈#≈#
#### ##...........##..# #≈#.#≈#≈#
# #.............#### #≈#.#≈#≈#


There were no monsters in sight!

Vanquished Creatures
  A deep elf pyromancer (D:7)
  A gargoyle (D:7)
  An unseen horror (D:7)
  A wyvern (D:8)
  Eustachio (D:5)
  A steam dragon (D:7)
  A vampire mosquito (D:7)
  2 water moccasins (D:7)
  Duvessa (D:7)
  A black bear (D:7)
  3 sky beasts (D:7)
  2 ice beasts
  2 centaurs
  2 phantoms (D:6)
  5 bullfrogs
  6 gnoll sergeants (D:8)
  6 scorpions
  Dowan (D:8)
  9 killer bees (D:8)
  2 howler monkeys
  5 hounds
  2 orc priests
  2 jellies
  4 gnoll boudas
  3 iguanas
  3 orc wizards
  10 adders
  12 gnolls
  A shadow imp (D:7)
  3 white imps (D:7)
  An ufetubus (D:5)
  2 worms (D:2)
  A dart slug (D:3)
  19 orcs
  2 bats (D:2)
  4 endoplasms
  3 giant cockroaches (D:4)
  5 goblins
  8 hobgoblins
  6 kobolds
  7 quokkas
  6 ball pythons
  A frilled lizard (D:3)
  3 rats
162 creatures vanquished.

Vanquished Creatures (others)
  An orc (D:7)
1 creature vanquished.

Grand Total: 163 creatures vanquished

Notes
Turn   | Place    | Note
-------+----------+-------------------------------------------
     0 | D:1      | wormed the Demonspawn Fighter began the quest for the Orb.
     0 | D:1      | Reached XP level 1. HP: 18/18 MP: 1/1
   147 | D:1      | Found a faded altar of an unknown god.
   156 | D:1      | Noticed a floating eye
   156 | D:1      | Noticed a floating eye
   157 | D:1      | Noticed a shining eye
   157 | D:1      | Noticed a shining eye
   242 | D:1      | Reached skill level 2 in Maces & Flails
   266 | D:1      | Gained mutation: You have a pair of small horns on your
                  | head. [demonic ancestry]
   266 | D:1      | Reached XP level 2. HP: 17/24 MP: 2/2
   690 | D:2      | Found a basalt altar of Yredelemnul.
   804 | D:2      | Reached XP level 3. HP: 21/29 MP: 3/3
  1452 | D:3      | Found Ushriawn's Vocational Training.
  1588 | D:3      | Gained mutation: You regenerate a little health from kills.
                  | [demonic ancestry]
  1588 | D:3      | Reached XP level 4. HP: 35/35 MP: 4/4
  1760 | D:3      | Reached skill level 3 in Maces & Flails
  2019 | D:4      | Noticed a scorpion
  2030 | D:4      | Killed a scorpion
  2031 | D:4      | Gained mutation: You are partially covered in molten
                  | scales. (AC +2) [demonic ancestry]
  2031 | D:4      | Reached XP level 5. HP: 36/42 MP: 5/5
  2090 | D:4      | Found a staircase to the Ecumenical Temple.
  2125 | Temple   | Entered the Ecumenical Temple
  2147 | Temple   | Became a worshipper of Warmaster Okawaru
  2951 | D:5      | Entered Level 5 of the Dungeon
  2951 | D:5      | Found Timiw's Weapon Emporium.
  2999 | D:5      | Gained mutation: You have a pair of horns on your head.
                  | [demonic ancestry]
  2999 | D:5      | Reached XP level 6. HP: 31/48 MP: 6/6
  3381 | D:4      | Reached skill level 4 in Maces & Flails
  3736 | D:5      | Reached * piety under Okawaru
  4153 | D:5      | Gained mutation: You are mostly covered in molten scales.
                  | (AC +3) [demonic ancestry]
  4153 | D:5      | Reached XP level 7. HP: 55/55 MP: 7/7
  4466 | D:5      | Noticed Eustachio
  4477 | D:5      | Killed Eustachio
  4477 | D:5      | Reached ** piety under Okawaru
  4478 | D:5      | Reached skill level 5 in Maces & Flails
  4928 | D:6      | Reached skill level 5 in Fighting
  5094 | D:6      | Gained mutation: A meltable shield of frost defends you.
                  | (SH +4) [demonic ancestry]
  5094 | D:6      | Reached XP level 8. HP: 62/62 MP: 8/8
  5210 | D:6      | Reached skill level 6 in Maces & Flails
  5234 | D:6      | Found Roam Tavu's Elemental Accessories.
  5470 | D:6      | Reached skill level 5 in Armour
  5541 | D:6      | Reached skill level 5 in Shields
  5692 | D:7      | Reached *** piety under Okawaru
  6017 | D:7      | Noticed Duvessa
  6017 | D:7      | Noticed a boulder beetle
  6018 | D:7      | Found a large runed translucent door.
  6018 | D:7      | Noticed Dowan
  6019 | D:7      | Found a large runed translucent door.
  6020 | D:7      | Found a large runed translucent door.
  6020 | D:7      | Found a large runed translucent door.
  6052 | D:7      | Noticed a deep elf pyromancer
  6068 | D:7      | Killed a deep elf pyromancer
  6069 | D:7      | Reached skill level 7 in Maces & Flails
  6069 | D:7      | Reached XP level 9. HP: 37/69 MP: 9/9
  6316 | D:7      | Found a shadowy altar of Dithmenos.
  6526 | D:7      | Reached **** piety under Okawaru
  6531 | D:7      | Noticed a gargoyle
  7359 | D:7      | Found an opulent altar of Gozag.
  7723 | D:7      | Killed a gargoyle
  7724 | D:7      | Reached skill level 8 in Maces & Flails
  8172 | D:7      | Found the +9 staff of Wucad Mu {*channel}
  8333 | D:8      | Reached skill level 1 in Invocations
  8495 | D:8      | Reached XP level 10. HP: 22/79 MP: 11/11
  9115 | D:8      | Reached ***** piety under Okawaru
  9252 | D:8      | Found the +3 woodcutter's axe {vorpal}
  9290 | D:8      | Identified the +4 hand axe "Kasougg" {freeze, Int+5}
  9847 | D:7      | Killed Duvessa
 10156 | D:8      | Killed Dowan
 10197 | D:7      | HP: 2/79 [something (3)]
 10199 | D:7      | Reached skill level 9 in Maces & Flails
 10202 | D:8      | Noticed an ice dragon
 10202 | D:8      | a boulder beetle changed into an ice dragon
 10203 | D:8      | an ice dragon changed into something unseen
 10203 | D:8      | Mangled by a ghost moth

Illustrated notes

Levels and vault maps discovered:
D:1:      dpeg_arrival_stone_temple_mockup, layout_basic,
          hellmonk_ecumenical_altar_watching_god
D:2:      layout_loops_ring, basic_altar, hex_medium
D:3:      layout_basic, nicolae_shop_vocational
D:4:      layout_gridville, minmay_temple_entry_stoned_glass,
          portal_sewer_entry_f
D:5:      minmay_angry_zag, layout_rooms, hangedman_decor_slide_cut,
          nicolae_inconvenience_store, uniq_eustachio
D:6:      layout_gridville, nicolae_elemental_shop,
          nicolae_concentric_dashed_squares_mild, serial_park_tiny_pond
D:7:      layout_basic, mainiacjoe_overflow_24_doors, grunt_gozag_statues,
          minmay_hollow_rounded_squares, uniq_duvessa
D:8:      layout_rooms, serial_aquarium, aquarium_bridge_long_separate
          [aquarium_subvault_balcony, aquarium_subvault_bridge,
          aquarium_subvault_bridge, aquarium_subvault_wall,
          aquarium_subvault_bridge, aquarium_subvault_window],
          aquarium_bridge_square [aquarium_subvault_window,
          aquarium_subvault_bridge, aquarium_subvault_wall,
          aquarium_subvault_wall], aquarium_window_fake, aquarium_window_3,
          aquarium_view_2b, aquarium_balcony_5b, aquarium_pool_2,
          pf_guarded_unrand_woodcutter
Temple:   nicolae_temple_bog_church

Skill      XL: |  1  2  3  4  5  6  7  8  9 10 |
---------------+-------------------------------+-----
Maces & Flails | 2 3 4 5 7 8 9 |  9.0
Shields        | 3 4 5 6 |  6.7
Armour         | 3 4 5 6 |  6.7
Fighting       | 4 5 6 7 |  7.4
Invocations    | 1 3 |  3.1

Action                   |  1- 3 |  4- 6 |  7- 9 | 10-12 || total
-------------------------+-------+-------+-------+-------++-------
Melee: Flail             |    97 |   151 |   314 |   114 ||   676
       Headbutt          |     6 |    16 |    63 |    28 ||   113
Throw: Throwing net      |       |       |     1 |     2 ||     3
Evoke: Wand              |       |       |       |     2 ||     2
  Use: Scroll            |       |     9 |       |     2 ||    11
       Potion            |       |     2 |     3 |     1 ||     6
Armor: Ring mail         |    42 |    49 |   158 |    86 ||   335
Dodge: Dodged            |    51 |    87 |   148 |    49 ||   335
Block: Buckler           |    30 |    32 |   116 |    10 ||   188
       Kite shield       |       |       |       |    75 ||    75
